 Dungeon Crawl Stone Soup version 0.18.1-48-g4cf74bf (webtiles) character file.

328 DungeonyCrawlthano the Insei (level 6, -1/47 HPs)
             Began as a Demonspawn Monk on Aug 13, 2016.
             Slain by Menkaure (14 damage)
             ... on level 4 of the Dungeon.
             The game lasted 00:04:36 (2852 turns).

DungeonyCrawlthano the Insei (Demonspawn Monk)      Turns: 2852, Time: 00:04:38

Health: -1/47      AC:  6    Str: 11    XL:     6   Next: 25%
Magic:  6/6        EV: 13    Int: 12    God:
Gold:   72         SH:  0    Dex: 20    Spells: 0 memorised, 5 levels left

rFire  . . .     SeeInvis .       - Unarmed
rCold  . . .     Gourm    .     a - +0 robe
rNeg   . . .     Faith    .     (no shield)
rPois  .         Spirit   .     (helmet restricted)
rElec  .         Dismiss  .     i - +0 cloak (curse)
rCorr  .         Reflect  .     (no gloves)
SustAt .         Harm     .     (no boots)
MR     .....                    (no amulet)
Stlth  ++........               (no ring)
                                h - +3 ring of dexterity

@: not resistant to hostile enchantments, unstealthy
A: horns 1, slimy green scales 2, powered by death 1, rot immunity
a: no special abilities


You were on level 4 of the Dungeon.
You were not hungry.

You visited 1 branch of the dungeon, and saw 4 of its levels.

You collected 72 gold pieces.

Inventory:

Armour
 a - a +0 robe (worn)
 i - a cursed +0 cloak (worn)
Jewellery
 h - a +3 ring of dexterity (left hand)
Scrolls
 g - a scroll of fear
 p - a scroll of identify
Potions
 c - a potion of agility {unknown}
 e - a potion of heal wounds {unknown}
 f - 2 potions of brilliance {unknown}
 j - a potion of curing {unknown}
 k - a potion of invisibility {unknown}
 m - a potion of flight {unknown}
 n - a potion of degeneration {unknown}
Comestibles
 b - a bread ration
 d - a slice of pizza
 l - 2 beef jerkies
 o - 3 chunks of flesh


   Skills:
 - Level 3.0 Fighting
 - Level 2.6 Dodging
 - Level 1.7 Stealth
 + Level 6.9 Unarmed Combat


You had 5 spell levels left.
You didn't know any spells.

Dungeon Overview and Level Annotations

Branches:
Dungeon (4/15)
 Temple: D:4-7

Altars:
Dithmenos
Elyvilon
Gozag
Nemelex Xobeh
Sif Muna
Xom
The Shining One

Annotations:
D:2 Ijyb
D:4 Menkaure


Innate Abilities, Weirdness & Mutations

You have a pair of small horns on your head.
You are mostly covered in slimy green scales (AC +3).
You regenerate a little health from kills.
You are immune to rotting.


Message History

Found a meat ration.
The helpless Menkaure fails to defend himself.
You punch Menkaure! Your headbutt misses Menkaure.
Menkaure is moderately damaged.
Menkaure hits you!!
You punch Menkaure!
You headbutt Menkaure, but do no damage.
Menkaure is severely damaged.
Menkaure calls on the powers of darkness!
Your body is wracked with pain!
* * * LOW HITPOINT WARNING * * *
You are too injured to fight recklessly!
Drink which item? (? for menu, Esc to quit)
Okay, then.
You punch Menkaure! You punch Menkaure.
Menkaure is almost destroyed.
You hit Menkaure.
Menkaure is almost destroyed.
Menkaure hits you!
You die...

.# #. .#.# #.# #.#.#.
#.#. #(.# #.#.#[
#.#%#.#. #..# #.#.#.
#.#.#.#.# ....
#.#.#.#.#.#.#.#.# #..#
.#.#.#.#M#.#.#.#.#
...###.#.#.#.#.#@#.#.#.#
......#.#.#.#.#.#.#.#(#
..####.#.#.#.#.#.#.#.#
.<#...#.#.#.#.#.#.#$#
.#...#.#.#.#.#.#.#.#.#
##...####.#.#.#.#.#.#...
##+## ##.#.#...........
##[#.#.########..#
#.#)#..# ..


You could see Menkaure.

Vanquished Creatures
  3 crimson imps (D:3)
  2 orc wizards (D:3)
  7 adders
  An ooze (D:3)
  5 dart slugs
  A giant gecko (D:1)
  13 orcs
  A ball python (D:2)
  9 bats
  5 giant cockroaches
  10 goblins
  4 hobgoblins
  2 jackals (D:2)
  2 quokkas (D:3)
  6 giant newts
  5 kobolds
  6 rats
82 creatures vanquished.

Notes
Turn   | Place    | Note
--------------------------------------------------------------
     0 | D:1      | DungeonyCrawlthano the Demonspawn Monk began the quest for the Orb.
     0 | D:1      | Reached XP level 1. HP: 18/18 MP: 1/1
   167 | D:1      | Reached skill level 4 in Unarmed Combat
   188 | D:1      | Gained mutation: You are partially covered in slimy green scales (AC +2). [demonic ancestry]
   188 | D:1      | Reached XP level 2. HP: 13/24 MP: 2/2
   588 | D:2      | Gained mutation: You are mostly covered in slimy green scales (AC +3). [demonic ancestry]
   588 | D:2      | Reached XP level 3. HP: 28/29 MP: 3/3
   650 | D:2      | Found a glowing golden altar of the Shining One.
   682 | D:2      | Found a white marble altar of Elyvilon.
   696 | D:2      | Reached skill level 5 in Unarmed Combat
   725 | D:2      | Found a sparkling altar of Nemelex Xobeh.
   885 | D:2      | Gained mutation: You are immune to rotting. [demonic ancestry]
   885 | D:2      | Reached XP level 4. HP: 35/35 MP: 4/4
  1152 | D:3      | Found a shadowy altar of Dithmenos.
  1161 | D:3      | Found a shimmering altar of Xom.
  1209 | D:3      | Noticed Ijyb
  1917 | D:3      | Gained mutation: You regenerate a little health from kills. [demonic ancestry]
  1917 | D:3      | Reached XP level 5. HP: 34/41 MP: 5/5
  2134 | D:3      | Found an opulent altar of Gozag.
  2169 | D:3      | Found a deep blue altar of Sif Muna.
  2273 | D:3      | Reached skill level 6 in Unarmed Combat
  2374 | D:3      | Gained mutation: You have a pair of small horns on your head. [demonic ancestry]
  2374 | D:3      | Reached XP level 6. HP: 19/47 MP: 6/6
  2804 | D:4      | Noticed Menkaure
  2852 | D:4      | Slain by Menkaure

Skill      XL: |  1  2  3  4  5 |
---------------+----------------+-----
Unarmed Combat | 4 5 6 |  6.9
Fighting       | |  3.0
Dodging        | |  2.6
Stealth        | |  1.7

Action                   |  1- 3 |  4- 6 || total
-------------------------+-------+-------++-------
Melee: Unarmed           |    93 |   205 ||   298
       Punch             |     3 |     3 ||     6
       Headbutt          |       |     9 ||     9
  Use: Scroll            |     4 |     4 ||     8
 Stab: Sleeping          |     5 |     4 ||     9
  Eat: Chunk             |       |     6 ||     6
Armor: Robe              |    25 |    66 ||    91
Dodge: Dodged            |    53 |   161 ||   214
